 Dungeon Crawl Stone Soup version 0.26.0-11-g8f856b5395 (webtiles) character file.

Game seed: 1966572866756520877

2111 jiml777 the Agent of Entropy (level 9, -17/73 HPs)
             Began as a Demonspawn Abyssal Knight on Jan 15, 2021.
             Was a Priest of Lugonu.
             Demolished by an orc warrior
             ... wielding a +1 scimitar of electrocution
              (19 damage)
             ... on level 7 of the Dungeon.
             The game lasted 00:26:28 (5913 turns).

jiml777 the Agent of Entropy (DsAK)                 Turns: 5913, Time: 00:26:29

Health: -17/73     AC: 19    Str: 16    XL:     9   Next: 8%
Magic:  4/4        EV: 10    Int: 13    God:    Lugonu [***...]
Gold:   148        SH:  8    Dex: 13    Spells: 8/8 levels left

rFire    + . .     SeeInvis +   b - +7 mace "Killer Bee's Bane" {antimagic, rF+ Will+ SInv}
rCold    . . .     Faith    .   s - +3 buckler
rNeg     . . .     Spirit   .   x - +6 scale mail
rPois    .         Reflect  .   (helmet restricted)
rElec    .         Harm     .   C - +2 cloak
rCorr    .         Rampage  .   (no gloves)
Will     +....     Rnd*Rage +   (no boots)
Stlth    ..........             f - amulet of magic regeneration
HPRegen  0.22/turn              (no ring)
MPRegen  0.34/turn              (no ring)

@: no status effects
A: antennae 2, yellow scales 2, berserk 1, mutation resistance 1, powered by
death 1, robust 1, spiny 1
a: Renounce Religion, Depart the Abyss, Bend Space, Banish


You were on level 7 of the Dungeon.
You worshipped Lugonu.
Lugonu was most pleased with you.
You visited 1 branch of the dungeon, and saw 7 of its levels.
You visited the Abyss 1 time.

You collected 434 gold pieces.
You spent 286 gold pieces at shops.

Inventory:

Hand Weapons
 a - a +3 hand axe
 b - the +7 mace "Killer Bee's Bane" (weapon) {antimagic, rF+ Will+ SInv}
   (You found it on level 4 of the Dungeon)

   It reduces the magical energy of the wielder, and disrupts the spells and
   magical abilities of those hit.
   Natural abilities and divine invocations are not affected.
   It protects you from fire.
   It affects your willpower, your defense against some magical effects.
   It lets you see invisible.
 p - the +5 short sword "Undertaker" {drain, rC+}
   (You took it off an orc on level 6 of the Dungeon)

   A truly terrible weapon, it drains the life of those it strikes.
   It protects you from cold.
 B - a +2 short sword of venom
Missiles
 j - 83 bolts
 m - 107 sling bullets
 o - 113 arrows
 w - 27 poisoned darts
 z - 4 silver javelins
Armour
 s - a +3 buckler (worn)
 x - a +6 scale mail (worn)
 C - a +2 cloak (worn)
Jewellery
 f - an amulet of magic regeneration (around neck)
Wands
 v - a wand of digging (11)
 y - a wand of polymorph (8)
Scrolls
 c - 3 scrolls of teleportation
 d - 4 scrolls of remove curse
 e - a scroll of magic mapping
 i - a scroll of amnesia
 l - 2 scrolls of identify
 r - a scroll of fog
 u - a scroll of fear
Potions
 g - 2 potions of magic
 h - a potion of brilliance
 k - a potion of haste
 n - 4 potions of curing
 q - 5 potions of heal wounds
 t - 2 potions of berserk rage


   Skills:
 + Level 4.9 Fighting
 - Level 4.3(5.1) Axes
 * Level 4.2(5.1) Maces & Flails
 + Level 4.6 Armour
 + Level 2.6 Dodging
 + Level 1.1 Stealth
 * Level 3.4 Shields
 * Level 6.0 Invocations
 * Level 3.6 Evocations


You had 8 spell levels left.
You didn't know any spells.
Your spell library was empty.

Dungeon Overview and Level Annotations

Branches:
Dungeon (7/15)             Temple (0/1) D:5

Altars:
Dithmenos
Nemelex Xobeh
Ru
Trog
Vehumet
Wu Jian
Zin

Shops:
D:5 !


Innate Abilities, Weirdness & Mutations

You have a pair of antennae on your head.
You are mostly covered in yellow scales. (AC +3)
You regenerate a little health from kills.
You are partially covered in sharp spines.
You tend to lose your temper in combat.
You are somewhat resistant to further mutation.
You are robust. (+10% HP)


Message History

You are electrocuted!
You hit the orc wizard.
You kill the orc wizard!
Lugonu accepts your kill.
The orc warrior hits you with a +1 scimitar of electrocution!
Your Invocations skill increases to level 6!
You hit the orc warrior.
The orc warrior is moderately wounded.
The orc warrior hits you with a +1 scimitar of electrocution!
You hit the orc warrior.
The orc warrior is heavily wounded.
The orc warrior hits you with a +1 scimitar of electrocution!
* * * LOW HITPOINT WARNING * * *
You hit the orc warrior but do no damage.
The orc warrior is heavily wounded.
The orc warrior is struck by your spines.
The orc warrior hits you with a +1 scimitar of electrocution!
* * * LOW HITPOINT WARNING * * *
You are electrocuted!!
You die...

###########....†......#
......................+
##.########....)......#
#.# #...........# #.#
#...........# #.#
#...........# #.#
####(....(..# #.#
#...$....# #.#
#.o@.....# #.#
.......).....# #.#
.............# #.#
.......####### #.#
....... #.# ....... #.#
....... #.# ....... #.#


You could see an orc warrior.

Vanquished Creatures
  A two-headed ogre (D:5)
  A water moccasin (D:7)
  Duvessa (D:5)
  An ogre (D:6)
  An ice beast (D:5)
  2 centaurs
  Dowan (D:5)
  A wyvern skeleton (D:6)
  2 scorpions
  3 wights (D:7)
  2 howler monkeys
  A bullfrog zombie (D:5)
  A bullfrog skeleton (D:5)
  Crazy Yiuf (D:4)
  A jelly (D:5)
  3 orc wizards
  2 iguanas
  5 worker ants
  Robin (D:4)
  2 adders
  A shadow imp (D:6)
  An ooze (D:1)
  An adder skeleton (D:4)
  4 worms
  A dart slug (D:2)
  2 leopard geckos
  9 orcs
  2 bats (D:1)
  2 giant cockroaches (D:4)
  18 goblins
  4 hobgoblins
  6 jackals
  2 frilled lizards (D:1)
  A jackal skeleton (D:5)
  4 kobolds
  A leopard gecko zombie (D:5)
  5 rats (D:1)
97 creatures vanquished.

Vanquished Creatures (others)
  3 fungi (D:4)
3 creatures vanquished.

Grand Total: 100 creatures vanquished

Notes
Turn   | Place    | Note
-------+----------+-------------------------------------------
     0 | Abyss:1  | jiml777 the Demonspawn Abyssal Knight began the quest for
                  | the Orb.
     0 | Abyss:1  | Reached XP level 1. HP: 18/18 MP: 2/2
     3 | Abyss:1  | Found a corrupted altar of Lugonu.
    35 | D:1      | Escaped the Abyss
    96 | D:1      | Gained mutation: You are partially covered in sharp spines.
                  | [demonic ancestry]
    96 | D:1      | Reached XP level 2. HP: 7/24 MP: 4/4
   585 | D:1      | Reached ** piety under Lugonu
   628 | D:1      | Reached skill level 1 in Dodging
   851 | D:2      | Found a radiant altar of Vehumet.
   862 | D:2      | Reached XP level 3. HP: 29/29 MP: 5/5
   868 | D:2      | Found a shadowy altar of Dithmenos.
  1057 | D:2      | Found a bloodstained altar of Trog.
  1732 | D:3      | Found an ornate altar of the Wu Jian Council.
  1787 | D:3      | Found a glowing silver altar of Zin.
  1814 | D:3      | Gained mutation: You are partially covered in yellow
                  | scales. (AC +2) [demonic ancestry]
  1814 | D:3      | Reached XP level 4. HP: 10/36 MP: 6/6
  2642 | D:4      | Noticed Robin
  2654 | D:4      | Killed Robin
  2710 | D:4      | Gained mutation: You regenerate a little health from kills.
                  | [demonic ancestry]
  2710 | D:4      | Reached XP level 5. HP: 28/41 MP: 7/7
  2909 | D:4      | Reached *** piety under Lugonu
  3016 | D:4      | Reached XP level 6. HP: 46/48 MP: 8/8
  3103 | D:4      | Found a runed translucent door.
  3106 | D:4      | Noticed Crazy Yiuf
  3109 | D:4      | Got a faintly glowing mace
  3123 | D:4      | Killed Crazy Yiuf
  3124 | D:4      | Reached skill level 1 in Shields
  3139 | D:4      | Got an ichor-stained mace
  3140 | D:4      | Identified the +7 mace "Killer Bee's Bane" {antimagic, rF+
                  | Will+ SInv} (You found it on level 4 of the Dungeon)
  3314 | D:5      | Entered Level 5 of the Dungeon
  3321 | D:5      | Noticed a two-headed ogre
  3331 | D:5      | Killed a two-headed ogre
  3332 | D:5      | Reached skill level 4 in Invocations
  3332 | D:5      | Gained mutation: You have a pair of small antennae on your
                  | head. [demonic ancestry]
  3332 | D:5      | Reached XP level 7. HP: 23/54 MP: 2/10
  3334 | D:5      | Gained mutation: You have a pair of antennae on your head.
                  | [demonic ancestry]
  3334 | D:5      | Reached XP level 8. HP: 17/61 MP: 2/11
  3775 | D:5      | Reached skill level 1 in Stealth
  3889 | D:5      | Noticed Duvessa
  3890 | D:5      | Noticed Dowan
  3902 | D:5      | Killed Duvessa
  3903 | D:5      | Reached skill level 5 in Invocations
  3904 | D:5      | Killed Dowan
  3928 | D:5      | Found a staircase to the Ecumenical Temple.
  3979 | D:5      | Found Fegofuj's Distillery.
  4005 | D:5      | Bought a potion of mutation for 104 gold pieces
  4005 | D:5      | Bought a potion of attraction for 39 gold pieces
  4005 | D:5      | Bought a potion of degeneration for 13 gold pieces
  4015 | D:5      | Bought 2 potions of heal wounds for 130 gold pieces
  4034 | D:5      | Found a sacrificial altar of Ru.
  4497 | D:6      | Found a sparkling altar of Nemelex Xobeh.
  5074 | D:6      | Identified the +5 short sword "Undertaker" {drain, rC+}
  5890 | D:7      | Gained mutation: You are mostly covered in yellow scales.
                  | (AC +3) [demonic ancestry]
  5890 | D:7      | Reached XP level 9. HP: 65/65 MP: 4/13
  5890 | D:7      | Gained mutation: You tend to lose your temper in combat.
                  | [potion of mutation]
  5890 | D:7      | Gained mutation: You are robust. (+10% HP) [potion of
                  | mutation]
  5890 | D:7      | Gained mutation: You are somewhat resistant to further
                  | mutation. [potion of mutation]
  5911 | D:7      | Reached skill level 6 in Invocations
  5913 | D:7      | HP: 2/73 [orc warrior/+1 scimitar of electrocution (15)]
  5913 | D:7      | Demolished by an orc warrior

Illustrated notes

Levels and vault maps discovered:
D:1:      grunt_arrival_lava_bath, layout_basic, minmay_tromino_v2
D:2:      layout_basic, minitemple, bloody_trog
D:3:      layout_loops_ring, old_standard_altar, nzn_wu_jian_contemplation,
          minmay_misc_feat_rows
D:4:      layout_rooms, uniq_crazy_yiuf_cottage, uniq_robin
D:5:      layout_basic, nicolae_overflow_hidden_temple,
          minmay_temple_entry_enclosed_plants, serial_shops,
          nicolae_shop_statue_plus, uniq_duvessa
D:6:      layout_layer_cave, old_standard_altar
D:7:      layout_basic

Skill      XL: |  1  2  3  4  5  6  7  8  9 |
---------------+----------------------------+-----
Axes           | 2 3 4 |  4.3
Armour         | 2 3 4 |  4.6
Dodging        | 1 2 |  2.6
Shields        | 2 3 |  3.4
Fighting       | 4 |  4.9
Maces & Flails | 2 4 |  4.2
Invocations    | 4 5 6 |  6.0
Evocations     | 2 3 |  3.6
Stealth        | 1 |  1.1

Action                   |  1- 3 |  4- 6 |  7- 9 || total
-------------------------+-------+-------+-------++-------
Melee: Hand axe          |    74 |   107 |       ||   181
       Mace              |       |     9 |   103 ||   112
  Use: Scroll            |     4 |     6 |    11 ||    21
       Potion            |       |       |     1 ||     1
Armor: Leather armour    |     2 |       |       ||     2
       Ring mail         |    20 |       |       ||    20
       Scale mail        |       |    55 |    46 ||   101
Dodge: Dodged            |    41 |    45 |    37 ||   123
Block: Buckler           |     3 |    21 |    44 ||    68
